Map: [TLMC22] Exarch

Players

TalPTR

  • Race: Protoss Protoss

VOD

Have the link to the VOD?

Description

testing - want to create SALT encoding

Time

  • Played on: June 20, 2026, 9:19 p.m.
  • Length: 20:58
Show
View Real Time Build Order
Export as new Build Order

TalPTR Protoss 

Build Orders:  

Get SALT Encoding   

  8  0:03  Probe (Chrono Boost)  
  10  0:20  Probe (Chrono Boost)  
  10  0:38  Probe (Chrono Boost)  
  11  0:45  Pylon  
  11  0:55  Probe (Chrono Boost)  
  12  1:13  Gateway  
  12  1:14  Probe (Chrono Boost)  
  13  1:26  Probe (Chrono Boost)  
  11  1:40  Probe (Chrono Boost)  
  15  1:54  Assimilator  
  15  1:56  Probe (Chrono Boost)  
  16  2:13  Probe (Chrono Boost)  
  17  2:20  Cybernetics Core  
  17  2:23  Zealot  
  20  2:31  Probe (Chrono Boost)  
  20  2:36  Pylon  
  20  2:46  Assimilator  
  20  3:09  Stalker  
  23  3:20  Probe (Chrono Boost)  
  23  3:37  Probe (Chrono Boost)  
  24  4:00  Nexus  
  24  4:32  Stargate  
  24  4:34  Probe (Chrono Boost)  
  24  4:37  Shield Battery  
  26  4:51  Probe (Chrono Boost)  
  26  4:53  Pylon  
  26  5:08  Probe (Chrono Boost)  
  27  5:14  Sentry  
  27  5:18  Warp Gate  
  29  5:22  Oracle  
  29  5:25  Probe (Chrono Boost)  
  34  5:42  Probe (Chrono Boost)  
  34  5:45  Probe (Chrono Boost)  
  34  5:49  Pylon  
  35  5:58  Probe x2 (Chrono Boost)  
  37  6:09  Probe (Chrono Boost)  
  38  6:22  Probe (Chrono Boost)  
  38  6:24  Probe (Chrono Boost)  
  38  6:29  Oracle  
  43  6:38  Probe (Chrono Boost)  
  44  6:40  Gateway  
  44  6:46  Probe (Chrono Boost)  
  44  6:49  Pylon  
  45  6:59  Probe (Chrono Boost)  
  45  7:04  Probe (Chrono Boost)  
  47  7:10  Forge  
  47  7:18  Gateway  
  47  7:20  Stalker  
  47  7:25  Probe (Chrono Boost)  
  51  7:30  Probe (Chrono Boost)  
  51  7:44  Probe x2 (Chrono Boost)  
  53  7:52  Assimilator  
  53  7:55  Probe (Chrono Boost)  
  53  7:56  Assimilator  
  55  8:01  Probe (Chrono Boost)  
  55  8:08  Fleet Beacon  
  55  8:09  Probe (Chrono Boost)  
  55  8:18  Probe (Chrono Boost)  
  57  8:26  Probe (Chrono Boost)  
  58  8:31  Void Ray  
  58  8:35  Probe (Chrono Boost)  
  63  8:41  Probe (Chrono Boost)  
  64  8:50  Protoss Ground Weapons Level 1  
  64  9:05  Pylon  
  64  9:17  Shield Battery  
  64  9:26  Pylon  
  64  9:30  Pylon x2  
  64  9:33  Probe (Chrono Boost)  
  65  9:40  Probe (Chrono Boost)  
  67  9:50  Probe (Chrono Boost)  
  67  9:51  Stalker  
  67  9:52  Stalker  
  71  10:22  Shield Battery, Probe (Chrono Boost)  
  71  10:24  Shield Battery  
  71  10:27  Probe (Chrono Boost)  
  73  10:32  Photon Cannon  
  73  10:34  Tempest  
  73  10:39  Probe (Chrono Boost)  
  78  10:57  Probe x2 (Chrono Boost)  
  80  11:04  Stalker  
  80  11:05  Stalker x2  
  86  11:24  Stargate  
  86  11:25  Probe (Chrono Boost)  
  86  11:29  Stargate  
  87  11:31  Tempest  
  87  11:34  Twilight Council  
  91  11:52  Zealot  
  91  11:53  Zealot, Unknown  
  91  11:59  Probe (Chrono Boost)  
  96  12:18  Probe (Chrono Boost)  
  96  12:24  Probe (Chrono Boost)  
  96  12:25  Zealot  
  96  12:26  Zealot  
  96  12:32  Nexus  
  96  12:34  Pylon  
  96  12:35  Pylon  
  96  12:38  Carrier  
  96  12:39  Carrier  
  82  12:51  Carrier  
  82  12:58  Pylon, Stalker  
  82  12:59  Stalker x2  
  106  13:44  Zealot x3  
  106  13:47  Probe (Chrono Boost)  
  106  13:48  Probe (Chrono Boost)  
  95  14:04  Probe (Chrono Boost)  
  95  14:05  Probe (Chrono Boost)  
  71  14:21  Zealot x3, Probe (Chrono Boost)  
  60  14:31  Carrier  
  48  15:06  Stalker x3  
  60  15:10  Probe (Chrono Boost)  
  60  15:27  Probe (Chrono Boost)  
  53  15:31  Assimilator  
  53  15:38  Assimilator  
  51  15:43  Probe (Chrono Boost)  
  50  15:55  Probe (Chrono Boost)  
  50  15:57  Probe (Chrono Boost)  
  52  16:06  Probe (Chrono Boost)  
  53  16:14  Probe (Chrono Boost)  
  54  16:21  Probe (Chrono Boost)  
  54  16:26  Tempest  
  60  16:31  Probe (Chrono Boost)  
  60  16:39  Tempest  
  65  17:01  Probe (Chrono Boost)  
  65  17:16  Templar Archives  
  65  17:19  Probe x2 (Chrono Boost)  
  67  17:35  Shield Battery  
  67  17:40  Shield Battery  
  67  18:08  Carrier  
  67  18:09  High Templar  
  69  18:10  High Templar  
  69  18:15  Archon  
  71  18:25  Gateway  
  71  18:26  Probe x2 (Chrono Boost)  
  71  18:29  Photon Cannon  
  79  19:07  Probe x2 (Chrono Boost)  
  81  19:33  High Templar x2  
  81  19:39  Archon  
  85  19:45  Pylon  
  85  19:56  Nexus  
  85  20:11  Shield Battery  
  85  20:16  Shield Battery  
  85  20:17  High Templar  
  85  20:18  High Templar  
  85  20:19  Shield Battery  
  89  20:24  Archon  
Tags
 
Add a new tag
Caveats
  • Supply blocks, unpowered buildings, or Contaminate may cause inaccurate times.
  • Supply counts are checked every 10 seconds.